AoeStats
← gob b

Arena

504596584Analyzed
4v4 RM · 26d ago on Sep 5, 2026· 53m 27s· 8 players
Game mode
Random Map
Map size
Large (8 player)
Population
200
Speed
Normal
Resources
Standard
Victory
Conquest
Starting age
Dark Age
Ending age
Imperial Age
RankedLock teamsTeams togetherTeam positionsShared explorationLock speedFull tech treeHidden civsTurbo modeCheats
Victory
Defeat
🇧🇷 Spanish · Brazil
1282
+10
🇸🇪 Aztecs · Sweden
1257
+11
🇨🇳 Poles · China
1098
+17
🇸🇰 Maya · Slovakia
814
+28
1132
-17
🇮🇳 Britons · India
1125
-16
🇦🇷 Celts · Argentina
1124
-17
🇮🇳 Khitans · India
1113
-16
msmatossms
0:27 Loom
10:36 Feudal Age
12:21 Town Watch
15:50 Castle Age
17:02 Wheelbarrow
16:21 Stone Mining
16:44 Horse Collar
23:55 Fletching
33:19 Hand Cart
33:05 Town Patrol
35:35 Heavy Plow
36:38 Eagle Warrior
37:20 Squires
40:26 Arson
41:06 Crossbowman
41:52 Thumb Ring
41:40 Pikeman
43:03 Double-Bit Axe
51:36 Forging
51:26 Scale Mail Armor
Zâbina
4:48 Loom
11:20 Feudal Age
12:18 Double-Bit Axe
18:17 Castle Age
16:51 Horse Collar
19:35 Bow Saw
19:28 Heavy Plow
20:14 Fervor
25:21 Wheelbarrow
25:23 Town Watch
26:43 Eagle Warrior
28:27 Hand Cart
29:00 Fortified Wall
30:01 Treadmill Crane
33:30 Imperial Age
31:41 Pikeman
35:18 Crop Rotation
34:54 Atlatl
35:53 Conscription
36:35 Onager
37:04 Man-at-Arms
37:41 Long Swordsman
38:48 Two-Handed Swordsman
39:32 Squires
39:33 Gambesons
39:49 Champion
41:55 Arson
43:44 Elite Eagle Warrior
44:15 Capped Ram
45:20 Siege Ram
47:06 Scale Mail Armor
47:16 Forging
47:07 Padded Archer Armor
Revontheus
11:05 Feudal Age
15:11 Castle Age
13:19 Double-Bit Axe
13:27 Horse Collar
16:20 Bow Saw
16:16 Heavy Plow
23:15 Wheelbarrow
25:18 Loom
26:39 Town Watch
29:26 Imperial Age
27:34 Padded Archer Armor
27:40 Scale Barding Armor
27:55 Fletching
29:02 Fortified Wall
29:29 Gold Mining
29:37 Stone Mining
30:05 Leather Archer Armor
30:24 Masonry
31:18 Chemistry
30:43 Conscription
29:46 Elite Conquistador
31:34 Stone Shaft Mining
31:20 Bloodlines
31:10 Husbandry
31:51 Ring Archer Armor
31:45 Supremacy
31:38 Bodkin Arrow
32:18 Coinage
32:41 Architecture
32:52 Light Cavalry
33:43 Bracer
34:06 Chain Barding Armor
34:49 Hand Cart
34:10 Hussar
35:56 Forging
36:50 Banking
37:44 Plate Barding Armor
37:45 Iron Casting
39:43 Hoardings
39:45 Guilds
42:49 Pikeman
43:29 Squires
44:32 Blast Furnace
43:36 Caravan
51:33 Ballistics
54:14 Sanctity
54:04 Fervor
378080739
0:27 Loom
12:46 Feudal Age
15:48 Double-Bit Axe
15:45 Horse Collar
16:05 Stone Mining
18:28 Castle Age
16:36 Gold Mining
20:16 Bow Saw
20:08 Heavy Plow
28:57 Imperial Age
28:35 Szlachta Privileges
28:43 Forging
28:39 Scale Barding Armor
28:48 Bloodlines
28:39 Husbandry
30:15 Iron Casting
29:56 Cavalier
31:36 Chain Barding Armor
35:40 Conscription
37:14 Blast Furnace
47:56 Light Cavalry
49:12 Winged Hussar
ssindho
10:26 Feudal Age
14:02 Castle Age
12:05 Double-Bit Axe
12:01 Horse Collar
19:25 Loom
21:14 Wheelbarrow
21:45 Bow Saw
27:06 Imperial Age
24:47 Padded Archer Armor
24:37 Fletching
26:00 Leather Archer Armor
27:03 Hand Cart
27:28 Bodkin Arrow
27:39 Gold Mining
29:14 Ballistics
29:54 Chemistry
29:35 Conscription
30:30 Bracer
31:35 Ring Archer Armor
31:25 Masonry
32:44 Two-Man Saw
32:07 Arrowslits
33:51 Yeomen
36:40 Architecture
36:52 Gold Shaft Mining
36:41 Arrowslits
37:54 Siege Engineers
39:09 Elite Longbowman
50:52 Forging
50:43 Scale Mail Armor
gob b
11:02 Feudal Age
14:51 Castle Age
13:45 Forging
13:50 Double-Bit Axe
14:17 Domestication
15:00 Gold Mining
23:25 Scale Mail Armor
24:00 Iron Casting
23:28 Scale Mail Armor
29:20 Bow Saw
30:16 Pastoralism
34:10 Imperial Age
32:20 Wheelbarrow
33:26 Hand Cart
36:12 Two-Man Saw
36:25 Transhumance
37:14 Lamellar Armor
37:31 Conscription
38:23 Scale Barding Armor
37:57 Elite Steppe Lancer
38:38 Husbandry
40:08 Loom
41:08 Chain Barding Armor
43:32 Capped Ram
44:37 Light Cavalry
45:54 Plate Barding Armor
46:41 Hussar
42 aldeanos fueron a lo del tano
10:11 Feudal Age
14:25 Castle Age
14:04 Double-Bit Axe
20:34 Horse Collar
23:35 Wheelbarrow
22:55 Loom
29:08 Imperial Age
26:27 Treadmill Crane
27:53 Heavy Plow
28:05 Bow Saw
27:50 Gold Mining
27:52 Stone Mining
28:25 Town Watch
28:35 Fletching
28:45 Padded Archer Armor
29:53 Stone Shaft Mining
30:08 Conscription
32:15 Chemistry
35:43 Murder Holes
Raya de Merca
9:30 Feudal Age
13:39 Castle Age
12:03 Double-Bit Axe
12:32 Horse Collar
20:13 Heavy Plow
22:51 Wheelbarrow
22:36 Gold Mining
24:06 Gold Shaft Mining
25:24 Hand Cart
25:35 Loom
26:07 Town Watch
30:25 Imperial Age
28:19 Pikeman
29:01 Scale Mail Armor
29:12 Forging
30:35 Bow Saw
31:32 Chain Mail Armor
31:53 Iron Casting
31:08 Fletching
31:19 Padded Archer Armor
31:01 Halberdier
31:28 Arson
32:50 Chemistry
32:10 Ballistics
32:39 Conscription
32:32 Furor Celtica
33:21 Plate Mail Armor
32:39 Heavy Scorpion
33:30 Siege Engineers
33:03 Capped Ram
34:22 Bodkin Arrow
34:10 Treadmill Crane
34:41 Masonry
34:34 Siege Ram
37:42 Blast Furnace
36:57 Leather Archer Armor
39:19 Stronghold
39:23 Cavalier
40:04 Husbandry
40:18 Scale Barding Armor
40:34 Paladin
41:32 Paladin
45:00 Chain Barding Armor
45:11 Ring Archer Armor
49:35 Elite Skirmisher
Connection lost

Rejoining the realm…

Still unreachable

The connection could not be restored.

Session expired

The server has moved on; the page needs a fresh start.